 Dungeon Crawl Stone Soup version 0.27-a0-1217-g8a41f320e8 (webtiles) character file.

Game seed: 2679760087288184565

455 Glokmah the Bolt Thrower (level 7, -8/42 HPs)
             Began as a Kobold Hunter on June 6, 2021.
             Mangled by Duvessa
             ... wielding a +0 rapier
              (12 damage)
             ... on level 4 of the Dungeon.
             The game lasted 00:10:41 (5831 turns).

Glokmah the Bolt Thrower (Kobold Hunter)            Turns: 5831, Time: 00:10:42

Health: -8/42      AC:  5    Str:  9    XL:     7   Next: 26%
Magic:  9/9        EV: 14    Int: 13    God:
Gold:   128        SH:  0    Dex: 17    Spells: 7/9 levels left

rFire    . . .     SeeInvis .   c - +2 dagger (venom)
rCold    . . .     Faith    .   (shield restricted)
rNeg     + . .     Spirit   .   s - +0 leather armour {Will+}
rPois    .         Reflect  .   (no helmet)
rElec    .         Harm     .   (no cloak)
rCorr    +         Rampage  .   g - +0 pair of gloves
Will     +....                  n - +0 pair of boots
Stlth    +++.......             (no amulet)
HPRegen  0.14/turn              e - ring of positive energy
MPRegen  0.11/turn              o - ring of resist corrosion

@: about to teleport
A: small, no large weapons, nightstalker 3
a: no special abilities


You were on level 4 of the Dungeon.
You visited 1 branch of the dungeon, and saw 5 of its levels.

You collected 128 gold pieces.

Inventory:

Hand Weapons
 a - a +2 hand crossbow
 b - a +2 short sword of protection
 c - a +2 dagger of venom (weapon)
 x - a +0 rapier
Missiles
 d - 75 bolts
 q - 4 silver boomerangs (quivered)
 t - 23 poisoned darts
Armour
 g - a +0 pair of gloves (worn)
 l - a +2 ring mail of fire resistance
 n - a +0 pair of boots (worn)
 s - a +0 leather armour of willpower (worn)
Jewellery
 e - a ring of positive energy (left hand)
 o - a ring of resist corrosion (right hand)
Potions
 h - 5 potions of flight
 i - 2 potions of lignification
 k - 2 potions of curing
 m - 3 potions of haste {unknown}
 p - a potion of might {unknown}
 r - 2 potions of heal wounds {unknown}
 u - 3 potions of mutation
 v - a potion of degeneration {unknown}
 w - a potion of attraction {unknown}


   Skills:
 + Level 3.7 Fighting
 * Level 4.5 Short Blades
 - Level 6.0 Crossbows
 - Level 2.4 Dodging
 + Level 3.2 Stealth
 + Level 1.5 Spellcasting
 * Level 2.5 Hexes
 + Level 1.4 Ice Magic


You had 7 spell levels left.
You knew the following spells:

 Your Spells              Type           Power      Damage    Failure   Level
a - Ensorcelled Hibernat  Hex/Ice        12%        N/A       26%         2

Your spell library contained the following spells:

 Spells                   Type           Power      Damage    Failure   Level
 Corona                   Hex            7%         N/A       13%         1
 Beastly Appendage        Tmut           2%         N/A       36%         1
 Confusing Touch          Hex            7%         N/A       36%         3
 Tukima's Dance           Hex            7%         N/A       36%         3
 Wereblood                Tmut           1%         N/A       50%         2
 Dazzling Flash           Conj/Hex       8%         N/A       56%         3
 Spider Form              Tmut/Pois      0%         N/A       75%         3
 Ice Form                 Ice/Tmut       2%         N/A       95%         4
 Alistair's Intoxication  Tmut/Pois      0%         N/A       100%        5
 Hydra Form               Tmut           0%         N/A       100%        5
 Irradiate                Conj/Tmut      0%         3d13      100%        5
 Dragon Form              Tmut           0%         N/A       100%        7


Dungeon Overview and Level Annotations

Branches:
Dungeon (5/15)
 Temple: D:4-7

Altars:

Annotations:
D:3 3 runed translucent doors, Thjof's ghost, amateur HuBr
D:4 Duvessa


Innate Abilities, Weirdness & Mutations

You are small and have problems with some larger weapons.
You are completely attuned to the shadows.


Message History

The orc closely misses you.
You closely miss the orc.
The orc is moderately wounded.
You hit the orc.
The orc looks as sick as possible!
The orc is moderately wounded.
The orc closely misses you.
You hit the orc.
You kill the orc!
Things that are here:
a +0 whip; a +0 ring mail
Things that are here:
a +0 robe; an orc corpse Adjust to which letter? (? for menu, Esc to quit)
c - a +2 dagger of venom (weapon);
x - a +0 rapier You are already wielding that!
There is a stone staircase leading down, spattered with blood here.
Duvessa goes berserk!
Duvessa is nearby!
Sorry, you're not good enough to have a special ability.
Casting: Ensorcelled Hibernation (dangerous; 26% risk of failure)
Confirm with . or Enter, or press ? or * to list all spells.
Aiming: Ensorcelled Hibernation (dangerous; 26% risk of failure)
Press: ? - help, Shift-Dir - straight line, f - you
Okay, then.
You hit Duvessa but do no damage. Duvessa misses you.
You hit Duvessa.
Duvessa is poisoned.
Duvessa is lightly wounded.
Duvessa hits you with a +0 rapier!!
You barely miss Duvessa.
Duvessa is lightly wounded.
Duvessa hits you with a +0 rapier!
Okay, then.
As you read the scroll of fear, it crumbles to dust.
You assume a fearsome visage.
Duvessa is unaffected.
Duvessa barely misses you. Duvessa hits you with a +0 rapier!
* * * LOW HITPOINT WARNING * * *
Okay, then.
As you read the scroll of teleportation, it crumbles to dust.
You feel strangely unstable. Duvessa hits you with a +0 rapier!
You die...

##.####...#
......)[>.#
##..##[..#
#........#
#...##...#
#.#.##...#####
#.#.##........ #
#..#........
##.#.@......
#..#e####..
##.#.####.# #
.#.##.#.##.#
...........#
#........#.######
.......#e#o##...
#g.#.##e..##.#
##.#)##.#....#


You could see Duvessa (berserk, very poisoned).

Vanquished Creatures
  A water moccasin skeleton (D:4)
  Dowan (D:4)
  A hound (D:3)
  A jelly (D:4)
  A gnoll shaman (D:4)
  An iguana (D:5)
  An orc wizard (D:4)
  6 gnolls
  4 adders
  2 shadow imps (D:5)
  An adder skeleton (D:4)
  A worm (D:3)
  3 dart slugs
  10 orcs
  7 ball pythons
  6 bats
  7 endoplasms
  4 giant cockroaches
  6 goblins
  6 hobgoblins
  14 jackals
  3 kobolds
  2 quokkas (D:3)
  2 frilled lizards (D:1)
  4 rats
95 creatures vanquished.

Notes
Turn   | Place    | Note
-------+----------+-------------------------------------------
     0 | D:1      | Glokmah the Kobold Hunter began the quest for the Orb.
     0 | D:1      | Reached XP level 1. HP: 12/12 MP: 1/1
    53 | D:1      | Reached skill level 5 in Crossbows
   333 | D:1      | Reached XP level 2. HP: 18/18 MP: 2/2
   376 | D:1      | Reached skill level 1 in Short Blades
   772 | D:1      | Reached XP level 3. HP: 22/22 MP: 3/3
   815 | D:1      | Found a faded altar of an unknown god.
  1210 | D:1      | Learned a level 2 spell: Ensorcelled Hibernation
  1236 | D:1      | Reached XP level 4. HP: 15/27 MP: 4/4
  2727 | D:3      | Reached XP level 5. HP: 19/32 MP: 5/5
  3520 | D:3      | Found a runed translucent gate.
  3525 | D:3      | Found a runed translucent gate.
  3526 | D:3      | Found a runed translucent gate.
  3528 | D:3      | Noticed Thjof's ghost (amateur HuBr)
  3568 | D:3      | Reached skill level 1 in Hexes
  4215 | D:4      | Reached skill level 6 in Crossbows
  4227 | D:4      | Reached XP level 6. HP: 37/37 MP: 7/7
  4236 | D:4      | Identified the Collected Works on Moulding
  4262 | D:4      | Noticed Duvessa
  4427 | D:4      | Reached skill level 1 in Spellcasting
  4446 | D:4      | Noticed Dowan
  4710 | D:4      | Noticed an ogre
  4957 | D:5      | Entered Level 5 of the Dungeon
  4979 | D:4      | Reached skill level 1 in Ice Magic
  5386 | D:5      | Reached XP level 7. HP: 40/41 MP: 3/9
  5500 | D:4      | Killed Dowan
  5831 | D:4      | Mangled by Duvessa

Illustrated notes

Levels and vault maps discovered:
D:1:      dpeg_arrival_erosion, layout_loops_cross,
          ebering_ecumenical_altar_rust, minmay_octomino_e4
D:2:      layout_basic, minmay_stone_trees_large
D:3:      layout_basic, gammafunk_ghost_split, serial_aquarium,
          aquarium_bridge_long_separate [aquarium_subvault_window,
          aquarium_subvault_bridge, aquarium_subvault_window,
          aquarium_subvault_window, aquarium_subvault_wall,
          aquarium_subvault_bridge], aquarium_bridge_square
          [aquarium_subvault_window, aquarium_subvault_window,
          aquarium_subvault_bridge, aquarium_subvault_wall],
          aquarium_window_corner, aquarium_window_1, aquarium_view_2f,
          aquarium_view_2c, aquarium_balcony_3b, aquarium_pool_corner,
          minmay_circle_x
D:4:      layout_basic, uniq_duvessa
D:5:      layout_cave_pools, minmay_temple_entry_junction_2

Skill      XL: |  1  2  3  4  5  6 |
---------------+-------------------+-----
Crossbows      | 5 6 |  6.0
Short Blades   | 1 2 3 4 |  4.5
Stealth        | 2 3 |  3.2
Fighting       | 3 |  3.7
Hexes          | 1 2 |  2.5
Spellcasting   | 1 |  1.5
Ice Magic      | 1 |  1.4
Dodging        | |  2.4

Action                   |  1- 3 |  4- 6 |  7- 9 || total
-------------------------+-------+-------+-------++-------
Melee: Short sword       |    98 |   106 |    27 ||   231
       Rapier            |       |    23 |       ||    23
       Dagger            |       |       |     8 ||     8
 Fire: Hand crossbow     |    24 |    64 |     5 ||    93
 Cast: Ensorcelled Hiber |       |     3 |     3 ||     6
  Use: Scroll            |       |     9 |     2 ||    11
 Stab: Sleeping          |     6 |     9 |       ||    15
Armor: Leather armour    |    29 |    42 |     4 ||    75
Dodge: Dodged            |   112 |   128 |    21 ||   261

Table legend: (Time is in decaauts)
 A = Elapsed time spent in this place.
 B = Non-inter-level travel time spent in this place.
 C = Inter-level travel time spent in this place.
 D = Time resting spent in this place.
 E = Time spent auto-exploring this place.
 F = Levels seen in this place.
 G = Mean time per level.
                   A        B        C        D        E       F      G
               +--------+--------+--------+--------+--------+-----+--------+
         Total |   5844 |   5510 |    334 |   1260 |   3049 |   5 | 1168.8 |
       Dungeon |   5844 |   5510 |    334 |   1260 |   3049 |   5 | 1168.8 |
               +--------+--------+--------+--------+--------+-----+--------+

Top non-repeatable levels by time:
     D:1: 1790 daAuts
     D:3: 1743 daAuts
     D:2: 891 daAuts
     D:4: 841 daAuts
     D:5: 576 daAuts
